BLB
WILMINGTON WILDCATS @ INDIANAPOLIS CLOWNS
05/23/2060
 
TOP OF THE 1ST
Wilmington Wildcats batting - Pitching for Indianapolis Clowns : RHP Billy Zook
Pitching: RHP Billy Zook
Batting: RHB Julian Ludin 0-0: Ball
1-0: Called Strike
1-1: Foul Ball, location: 2F
1-2: Ball
2-2: Foul Ball, location: 2F
2-2: Ball
3-2: Strikes out swinging
Batting: LHB Dorsey Cahue 0-0: Ground out U3 (Groundball, 3S, EV 79.4 MPH)
Batting: LHB James Munsie 0-0: Ball
1-0: Foul Ball, location: 2F
1-1: Foul Ball, location: 2F
1-2: Ball
2-2: Foul Ball, location: 2F
2-2: Foul Ball, location: 2F
2-2: Strikes out looking
Top of the 1st over - 0 runs, 0 hits, 0 errors, 0 left on base; Wilmington 0 - Indianapolis 0
BOTTOM OF THE 1ST
Indianapolis Clowns batting - Pitching for Wilmington Wildcats : RHP Ron Thomas
Pitching: RHP Ron Thomas
Batting: RHB Lee Vincent 0-0: Foul Ball, location: 2F
0-1: Swinging Strike
0-2: Ball
1-2: Ball
2-2: Strikes out swinging
Batting: RHB Tom Holderness 0-0: Ball
1-0: Called Strike
1-1: Called Strike
1-2: Foul Ball, location: 2F
1-2: Strikes out swinging
Batting: LHB Sean Hayward 0-0: SINGLE (Line Drive, 89S, EV 97.5 MPH)
Batting: LHB Elias Owen 0-0: Ball
1-0: Ground out 6-3 (Groundball, 6MS, EV 70.6 MPH)
Bottom of the 1st over - 0 runs, 1 hit, 0 errors, 1 left on base; Wilmington 0 - Indianapolis 0
TOP OF THE 2ND
Wilmington Wildcats batting - Pitching for Indianapolis Clowns : RHP Billy Zook
Batting: RHB Zachariah White 0-0: Ball
1-0: Foul Ball, location: 2F
1-1: Ball
2-1: Ball
3-1: Foul Ball, location: 2F
3-2: SINGLE (Line Drive, 3D, EV 106.9 MPH)
Batting: LHB Ozzie Huang 0-0: Ball
1-0: Ball
2-0: Called Strike
2-1: Called Strike
2-2: Fly out, F9 (Flyball, 9, EV 86.9 MPH)
Batting: LHB Greg Selser 0-0: Ball
1-0: Ball
2-0: Called Strike
2-1: Foul Ball, location: 2F
2-2: Ball
Wild Pitch!
Zachariah White to second
3-2: Strikes out looking
Batting: RHB Julian Crews 0-0: Ball
1-0: Swinging Strike
1-1: Ball
2-1: Swinging Strike
2-2: Strikes out swinging
Top of the 2nd over - 0 runs, 1 hit, 0 errors, 1 left on base; Wilmington 0 - Indianapolis 0
BOTTOM OF THE 2ND
Indianapolis Clowns batting - Pitching for Wilmington Wildcats : RHP Ron Thomas
Batting: RHB Bryant Francis 0-0: Foul Ball, location: 2F
0-1: Ball
1-1: Foul Ball, location: 2F
1-2: Ball
2-2: Strikes out swinging
Batting: RHB Jett Speer 0-0: Called Strike
0-1: Foul Ball, location: 2F
0-2: Fly out, F9 (Flyball, 9D, EV 75.0 MPH)
Batting: RHB Gage Hay 0-0: Called Strike
0-1: Ball
1-1: Called Strike
1-2: Foul Ball, location: 2F
1-2: Foul Ball, location: 2F
1-2: Ball
2-2: Ground out 5-3 (Groundball, 56, EV 80.6 MPH)
Bottom of the 2nd over - 0 runs, 0 hits, 0 errors, 0 left on base; Wilmington 0 - Indianapolis 0
TOP OF THE 3RD
Wilmington Wildcats batting - Pitching for Indianapolis Clowns : RHP Billy Zook
Batting: LHB Zach Dunnum 0-0: Swinging Strike
0-1: Called Strike
0-2: Foul Ball, location: 2F
0-2: DOUBLE (Line Drive, 8LXD, EV 106.9 MPH)
Batting: RHB Lucas Shultz 0-0: Called Strike
0-1: Ball
1-1: Ball
2-1: Fly out, F8 (Flyball, 89D, EV 83.8 MPH)
Batting: RHB Julian Ludin 0-0: Ball
1-0: Fly out, F7 (Flyball, 7, EV 88.8 MPH)
Batting: LHB Dorsey Cahue 0-0: Swinging Strike
0-1: Swinging Strike
0-2: Ball
1-2: Strikes out swinging
Top of the 3rd over - 0 runs, 1 hit, 0 errors, 1 left on base; Wilmington 0 - Indianapolis 0
BOTTOM OF THE 3RD
Indianapolis Clowns batting - Pitching for Wilmington Wildcats : RHP Ron Thomas
Batting: RHB Luke Heap 0-0: Fly out, F5 (Popup, 56S, EV 71.9 MPH)
Batting: RHB Jared Bradley 0-0: Fly out, F4 (Line Drive, 4, EV 67.5 MPH)
Batting: RHB Lee Vincent 0-0: Ball
1-0: Called Strike
1-1: Ball
2-1: Ball
3-1: Base on Balls
Batting: RHB Tom Holderness 0-0: Called Strike
0-1: Fielders Choice at 2nd, 5-4 (Groundball, 56, EV 88.1 MPH)
Bottom of the 3rd over - 0 runs, 0 hits, 0 errors, 1 left on base; Wilmington 0 - Indianapolis 0
TOP OF THE 4TH
Wilmington Wildcats batting - Pitching for Indianapolis Clowns : RHP Billy Zook
Batting: LHB James Munsie 0-0: Ball
1-0: Foul Ball, location: 2F
1-1: Called Strike
1-2: Strikes out swinging
Batting: RHB Zachariah White 0-0: Ball
1-0: Ground out 4-3 (Groundball, 34, EV 95.0 MPH)
Batting: LHB Ozzie Huang 0-0: Ground out 4-3 (Groundball, 4, EV 85.6 MPH)
Top of the 4th over - 0 runs, 0 hits, 0 errors, 0 left on base; Wilmington 0 - Indianapolis 0
BOTTOM OF THE 4TH
Indianapolis Clowns batting - Pitching for Wilmington Wildcats : RHP Ron Thomas
Batting: LHB Sean Hayward 0-0: Ball
1-0: Ball
2-0: Called Strike
2-1: Foul Ball, location: 2F
2-2: Strikes out swinging
Batting: LHB Elias Owen 0-0: Called Strike
0-1: Called Strike
0-2: Strikes out looking
Batting: RHB Bryant Francis 0-0: Called Strike
0-1: Called Strike
0-2: Ball
1-2: Strikes out swinging
Bottom of the 4th over - 0 runs, 0 hits, 0 errors, 0 left on base; Wilmington 0 - Indianapolis 0
TOP OF THE 5TH
Wilmington Wildcats batting - Pitching for Indianapolis Clowns : RHP Billy Zook
Batting: LHB Greg Selser 0-0: Ground out 6-3 (Groundball, 6, EV 88.8 MPH)
Batting: RHB Julian Crews 0-0: Ball
1-0: Fly out, F8 (Line Drive, 8RM, EV 86.2 MPH)
Batting: LHB Zach Dunnum 0-0: Called Strike
0-1: Ball
1-1: Swinging Strike
1-2: Ball
2-2: Foul Ball, location: 2F
2-2: Strikes out swinging
Top of the 5th over - 0 runs, 0 hits, 0 errors, 0 left on base; Wilmington 0 - Indianapolis 0
BOTTOM OF THE 5TH
Indianapolis Clowns batting - Pitching for Wilmington Wildcats : RHP Ron Thomas
Batting: RHB Jett Speer 0-0: Ball
1-0: Swinging Strike
1-1: Ball
2-1: Called Strike
2-2: Strikes out swinging
Batting: RHB Gage Hay 0-0: SINGLE (Groundball, 34D, EV 104.4 MPH)
Batting: RHB Luke Heap 0-0: Called Strike
0-1: Ball
1-1: SINGLE (Flyball, 89S, EV 83.8 MPH)
Gage Hay to second
Runner from 2nd tries for 3rd, SAFE, throw by RF made to third
Batting: RHB Jared Bradley 0-0: Called Strike
0-1: Grounds into double play, 4-6-3 (Groundball, 4S, EV 83.1 MPH)
Bottom of the 5th over - 0 runs, 2 hits, 0 errors, 1 left on base; Wilmington 0 - Indianapolis 0
TOP OF THE 6TH
Wilmington Wildcats batting - Pitching for Indianapolis Clowns : RHP Billy Zook
Batting: RHB Lucas Shultz 0-0: Ball
1-0: Foul Ball, location: 2F
1-1: SINGLE (Groundball, 56D, EV 105.0 MPH)
Batting: RHB Julian Ludin 0-0: Ball
1-0: Foul Ball, location: 2F
1-1: Fielders Choice at 2nd, 3-6 (Groundball, 3S, EV 80.0 MPH)
Batting: LHB Dorsey Cahue 0-0: Ball
Julian Ludin steals 2nd, throwing error, E2
Julian Ludin to third
1-0: Ball
2-0: SINGLE (Groundball, 34D, EV 106.9 MPH)
Julian Ludin scores
Batting: LHB James Munsie 0-0: Foul Ball, location: 2F
0-1: Ball
Passed Ball!
Dorsey Cahue to second
1-1: DOUBLE (Groundball, 3L, EV 110.0 MPH)
Dorsey Cahue scores
Batting: RHB Zachariah White 0-0: Swinging Strike
0-1: Ball
1-1: Called Strike
1-2: Ball
2-2: Strikes out looking
Batting: LHB Ozzie Huang 0-0: Called Strike
0-1: Ball
1-1: Ball
2-1: Ball
3-1: Called Strike
3-2: Foul Ball, location: 2F
3-2: Base on Balls
Batting: LHB Greg Selser 0-0: Foul Ball, location: 2F
0-1: Ball
1-1: Foul Ball, location: 2F
1-2: Ball
2-2: Strikes out swinging
Top of the 6th over - 2 runs, 3 hits, 1 error, 2 left on base; Wilmington 2 - Indianapolis 0
BOTTOM OF THE 6TH
Indianapolis Clowns batting - Pitching for Wilmington Wildcats : RHP Ron Thomas
Batting: RHB Lee Vincent 0-0: Foul Ball, location: 2F
0-1: SINGLE (Groundball, 56D, EV 101.2 MPH)
Batting: RHB Tom Holderness 0-0: Ball
1-0: DOUBLE (Line Drive, 89M, EV 107.5 MPH)
Lee Vincent to third
Runner from 3rd tries for Home, SAFE, throw by RF to trailing runner, OUT at third! 9-3-5
Batting: LHB Sean Hayward 0-0: Ball
1-0: Ball
2-0: Called Strike
2-1: SINGLE (Flyball, 6D, EV 88.1 MPH)
Batting: LHB Elias Owen 0-0: Reached on error, E3 (Groundball, 34S, EV 85.6 MPH)
Sean Hayward to second
Batting: RHB Bryant Francis 0-0: Called Strike
0-1: Foul Ball, location: 2F
0-2: Foul Ball, location: 2F
0-2: Ball
1-2: Ball
2-2: Ball
3-2: Base on Balls
Sean Hayward to third
Elias Owen to second
Batting: RHB Jett Speer 0-0: Ball
1-0: Fly out, F6 (Popup, 6MD, EV 61.2 MPH)
Batting: RHB Gage Hay 0-0: Ball
1-0: Foul Ball, location: 2F
1-1: SINGLE (Groundball, 56D, EV 98.8 MPH) (infield hit)
Sean Hayward scores
Elias Owen to third
Bryant Francis to second
Batting: RHB Luke Heap 0-0: Called Strike
0-1: Swinging Strike
0-2: Ball
1-2: Ball
2-2: Strikes out swinging
Bottom of the 6th over - 2 runs, 4 hits, 1 error, 3 left on base; Wilmington 2 - Indianapolis 2
TOP OF THE 7TH
Wilmington Wildcats batting - Pitching for Indianapolis Clowns : RHP Billy Zook
Pitching: RHP Kristofer Humberto
Batting: RHB Julian Crews 0-0: Foul Ball, location: 2F
0-1: Foul Ball, location: 2F
0-2: Strikes out looking
Batting: LHB Zach Dunnum 0-0: Called Strike
0-1: Called Strike
0-2: Ball
1-2: Ball
2-2: Strikes out swinging
Batting: RHB Lucas Shultz 0-0: SINGLE (Flyball, 4D, EV 91.9 MPH)
Batting: RHB Julian Ludin 0-0: Swinging Strike
0-1: Foul Ball, location: 2F
0-2: Strikes out swinging
Top of the 7th over - 0 runs, 1 hit, 0 errors, 1 left on base; Wilmington 2 - Indianapolis 2
BOTTOM OF THE 7TH
Indianapolis Clowns batting - Pitching for Wilmington Wildcats : RHP Ron Thomas
Batting: RHB Jared Bradley 0-0: Called Strike
0-1: Fly out, F9 (Flyball, 9D, EV 93.8 MPH)
Pitching: LHP Luke Chantry
Batting: RHB Lee Vincent 0-0: Ball
1-0: Ball
2-0: Foul Ball, location: 2F
2-1: Ball
3-1: Called Strike
3-2: Strikes out swinging
Batting: RHB Tom Holderness 0-0: Called Strike
0-1: SINGLE (Line Drive, 56, EV 99.4 MPH)
Batting: LHB Sean Hayward 0-0: Called Strike
0-1: Ball
1-1: Ball
2-1: Fly out, F5 (Popup, 25F, EV 90.0 MPH)
Bottom of the 7th over - 0 runs, 1 hit, 0 errors, 1 left on base; Wilmington 2 - Indianapolis 2
TOP OF THE 8TH
Wilmington Wildcats batting - Pitching for Indianapolis Clowns : RHP Kristofer Humberto
Batting: LHB Dorsey Cahue 0-0: Ball
1-0: Called Strike
1-1: Foul Ball, location: 2F
1-2: Strikes out looking
Batting: LHB James Munsie 0-0: Ball
1-0: Ball
2-0: Fly out, F7 (Line Drive, 78M, EV 97.5 MPH)
Pitching: RHP Cooper Welsh
Batting: RHB Zachariah White 0-0: Foul Ball, location: 2F
0-1: Ball
1-1: Foul Ball, location: 2F
1-2: Ball
2-2: Foul Ball, location: 2F
2-2: Ball
3-2: Base on Balls
Batting: LHB Ozzie Huang 0-0: Ball
1-0: Foul Ball, location: 2F
1-1: Swinging Strike
1-2: Ball
2-2: Ball
3-2: Strikes out swinging
Top of the 8th over - 0 runs, 0 hits, 0 errors, 1 left on base; Wilmington 2 - Indianapolis 2
BOTTOM OF THE 8TH
Indianapolis Clowns batting - Pitching for Wilmington Wildcats : LHP Luke Chantry
Pinch Hitting: SHB Darren Lane 0-0: Called Strike
0-1: Called Strike
0-2: Ball
1-2: Ball
2-2: Strikes out swinging
Batting: RHB Bryant Francis 0-0: Ball
1-0: Foul Ball, location: 2F
1-1: Swinging Strike
1-2: Ball
2-2: Ball
3-2: Hit by Pitch
Batting: RHB Jett Speer 0-0: Called Strike
0-1: Ball
1-1: Ball
2-1: Swinging Strike
2-2: Strikes out looking
Batting: RHB Gage Hay 0-0: Ball
1-0: Ball
2-0: Foul Ball, location: 2F
2-1: Foul Ball, location: 2F
2-2: Foul Ball, location: 2F
2-2: Foul Ball, location: 2F
2-2: Ball
3-2: Strikes out swinging
Bottom of the 8th over - 0 runs, 0 hits, 0 errors, 1 left on base; Wilmington 2 - Indianapolis 2
TOP OF THE 9TH
Wilmington Wildcats batting - Pitching for Indianapolis Clowns : RHP Cooper Welsh
Now in LF: Isaac Rowe
Batting: LHB Greg Selser 0-0: Called Strike
0-1: Ball
1-1: Called Strike
1-2: Ball
2-2: Ball
3-2: Base on Balls
Batting: RHB Julian Crews 0-0: Ball
1-0: Ball
2-0: Swinging Strike
2-1: Foul Ball, location: 2F
2-2: Strikes out swinging
Batting: LHB Zach Dunnum 0-0: Called Strike
Greg Selser steals 2nd base
0-1: Ball
1-1: Intentional Walk
Pinch Hitting: RHB Jeremy Dillingham 0-0: Fly out, F8 (Line Drive, 8LS, EV 95.0 MPH)
Batting: RHB Julian Ludin 0-0: Ball
1-0: Ball
2-0: Ball
Wild Pitch!
Greg Selser to third
Zach Dunnum to second
3-0: Base on Balls
Batting: LHB Dorsey Cahue 0-0: Ball
1-0: Ball
2-0: DOUBLE (Line Drive, 7LS, EV 88.8 MPH)
Greg Selser scores
Zach Dunnum scores
Julian Ludin to third
Runner from 3rd tries for Home, SAFE, throw by LF to home
Pitching: LHP Ralph Shields
Batting: RHB James Goebel 0-0: Ground out U3 (Groundball, 3, EV 92.5 MPH)
Top of the 9th over - 3 runs, 1 hit, 0 errors, 1 left on base; Wilmington 5 - Indianapolis 2
BOTTOM OF THE 9TH
Indianapolis Clowns batting - Pitching for Wilmington Wildcats : LHP Luke Chantry
Pitching: LHP Greg Padgett
Now at C: Shabazz Smith
Now in LF: Greg Selser
Now in CF: Barrington Purbacaraka
Now in RF: Zach Dunnum
Batting: RHB Luke Heap 0-0: Foul Ball, location: 2F
0-1: Ground out 6-3 (Groundball, 6, EV 86.9 MPH)
Batting: RHB Jared Bradley 0-0: Called Strike
0-1: Ball
1-1: Called Strike
1-2: Ball
2-2: Ball
3-2: Strikes out looking
Batting: RHB Lee Vincent 0-0: Ball
1-0: Foul Ball, location: 2F
1-1: Ball
2-1: Fly out, F7 (Flyball, 78M, EV 91.9 MPH)
Bottom of the 9th over - 0 runs, 0 hits, 0 errors, 0 left on base; Wilmington 5 - Indianapolis 2
Wednesday, May 1st , 2024 - OOTP Baseball 23.10 Build 110